 Dungeon Crawl Stone Soup version 0.31-a0-221-gbddc013574 (webtiles) character file.

Game seed: 2597531388468528611

95 qw the Shooter (level 4, -2/36 HPs)
             Began as a Minotaur Hexslinger on July 3, 2023.
             Killed by divine providence
             ... invoked by an orc priest
              (15 damage)
             ... on level 3 of the Dungeon.
             The game lasted 00:00:38 (1801 turns).

qw the Shooter (Minotaur Hexslinger)                Turns: 1801, Time: 00:00:39

Health: -2/36      AC:  5    Str: 12    XL:     4   Next: 40%
Magic:  4/4        EV: 11    Int: 10    God:
Gold:   74         SH:  0    Dex: 15    Spells: 4/5 levels left

rFire   . . .        Y - +1 sling
rCold   . . .        (no shield)
rNeg    . . .        e - +0 ring mail
rPois   .            (helmet restricted)
rElec   .            (no cloak)
rCorr   .            (no gloves)
SInv    .            (no boots)
Will    .....        (no amulet)
Stlth   +            (no ring)
HPRegen 0.26/turn    (no ring)
MPRegen 0.09/turn

%: no passive effects
@: no status effects
A: horns 2, retaliatory headbutt
a: no special abilities


You were on level 3 of the Dungeon.
You visited 1 branch of the dungeon, and saw 3 of its levels.

You collected 74 gold pieces.


Innate Abilities, Weirdness & Mutations

You have a pair of horns on your head.
You reflexively headbutt those who attack you in melee.


   Skills:
 - Level 2.0 Fighting
 + Level 4.5 Ranged Weapons
 - Level 1.7 Armour
 - Level 2.1 Dodging
 - Level 1.0 Spellcasting
 - Level 2.0 Hexes


You had 4 spell levels left.
You knew the following spells:

 Your Spells              Type           Power      Damage    Failure   Level
a - Slow                  Hex            16%        N/A       32%         1

Your spell library contained the following spells:

 Spells                   Type           Power      Damage    Failure   Level
 Inner Flame              Hex/Fire       2%         N/A       83%         3
 Portal Projectile        Hex/Tloc       4%         N/A       83%         3
 Cause Fear               Hex            2%         N/A       97%         4

Inventory:

Hand Weapons
 Y - a +1 sling (weapon)
Armour
 e - a +0 ring mail (worn)
 j - a +2 robe of willpower
Scrolls
 d - a scroll of teleportation {unknown}
 l - a scroll of enchant weapon {unknown}
Potions
 a - 3 potions of mutation {unknown}
 b - a potion of lignification {unknown}
 c - a potion of attraction {unknown}
 f - a potion of haste
 g - a potion of heal wounds {unknown}
 h - a potion of might {unknown}
 i - a potion of curing {unknown}
 k - a potion of ambrosia {unknown}

Dungeon Overview and Level Annotations

Branches:
Dungeon (3/15)

Altars:


Message History

The sling bullet hits the orc priest but does no damage.
An orc comes into view. It is wielding a +0 falchion.
You shoot a sling bullet.
The sling bullet closely misses the orc priest.
You shoot a sling bullet.
The sling bullet hits the orc priest but does no damage.
The orc priest hits you with a +0 short sword.
You shoot a sling bullet.
The sling bullet closely misses the orc priest.
The orc priest hits you with a +0 short sword.
You shoot a sling bullet.
The sling bullet closely misses the orc priest.
The orc priest hits you with a +0 short sword.
The orc priest barely misses you.
You shoot a sling bullet.
The sling bullet hits the orc priest but does no damage.
The orc priest barely misses you.
You shoot a sling bullet.
The sling bullet hits the orc priest but does no damage.
The orc priest closely misses you.
You shoot a sling bullet. The sling bullet hits the orc priest.
The orc priest is moderately wounded.
The orc priest calls down the wrath of Beogh upon you.
Beogh smites you!
The orc priest hits you with a +0 short sword.
An orc comes into view. It is wielding a +0 dagger.
The orc shouts!
You shoot a sling bullet. The sling bullet hits the orc priest.
The orc priest is severely wounded.
The orc priest completely misses you. You furiously retaliate!
You headbutt the orc priest. You shoot a sling bullet.
The sling bullet hits the orc priest.
The orc priest is almost dead.
The orc priest hits you with a +0 short sword.
You shoot a sling bullet.
The sling bullet hits the orc priest but does no damage.
The orc priest is almost dead.
The orc priest calls down the wrath of Beogh upon you.
Beogh smites you!
You die...

#.....# ## ##...##
# ####.....##
####.#.......#
###.#.............
#.................
#.#.#.............
#.####.#.......#.#
#@# ####.....####
#o# ##...## #o.
....# ##.o ...##
##. ## .# #


You could see an orc priest and 2 orcs.

Vanquished Creatures
  Jessica (D:3)
  An orc wizard (D:3)
  A dart slug (D:3)
  3 orcs (D:3)
  3 ball pythons
  4 endoplasms
  A giant cockroach (D:2)
  3 goblins
  2 hobgoblins (D:1)
  5 kobolds
  2 quokkas
  4 bats
  5 frilled lizards
  6 rats
41 creatures vanquished.

Notes
Turn   | Place    | Note
-------+----------+-------------------------------------------
     0 | D:1      | qw the Minotaur Hexslinger began the quest for the Orb.
     0 | D:1      | Reached XP level 1. HP: 16/16 MP: 1/1
     0 | D:1      | 0 ||| qw: Version: 0.3-a-40-ge99b1a8
     0 | D:1      | 0 ||| qw: Game counter: 617
     0 | D:1      | 0 ||| qw: Melee chars always use a shield: true
     0 | D:1      | 0 ||| qw: God list: Okawaru
     0 | D:1      | 0 ||| qw: Allow faded altars: false
     0 | D:1      | 0 ||| qw: Do Orc after clearing Dungeon:15 true
     0 | D:1      | 0 ||| qw: Do second Lair branch before Depths: true
     0 | D:1      | 0 ||| qw: Lair rune preference: random
     0 | D:1      | 0 ||| qw: Goals: Normal
     0 | D:1      | 0 ||| PLANNING D:1-11
   338 | D:1      | Reached skill level 3 in Ranged Weapons
   338 | D:1      | Reached XP level 2. HP: 20/23 MP: 2/2
   876 | D:1      | 876 ||| UPGRADING to +0 ring mail.
   886 | D:1      | 886 ||| DROPPING +0 robe.
   887 | D:1      | 887 ||| READING scroll labelled WEMEIW QOIMN.
   888 | D:1      | 888 ||| DRINKING 2 red potions.
   889 | D:1      | 889 ||| DROPPING scroll of poison.
  1233 | D:2      | Reached XP level 3. HP: 25/29 MP: 3/3
  1465 | D:2      | 1465 ||| READING scroll labelled WOPAOT ODI.
  1466 | D:2      | 1466 ||| READING scroll labelled XAUXZE TUVUST.
  1467 | D:2      | 1467 ||| READING scroll labelled SUIMMI HOTUK.
  1562 | D:3      | Noticed Jessica
  1568 | D:3      | Killed Jessica
  1569 | D:3      | Reached skill level 4 in Ranged Weapons
  1669 | D:3      | Reached skill level 1 in Armour
  1669 | D:3      | Reached XP level 4. HP: 36/36 MP: 4/4
  1672 | D:3      | 1672 ||| FLEEEEING.
  1673 | D:3      | 1673 ||| FLEEEEING.
  1674 | D:3      | 1674 ||| FLEEEEING.
  1675 | D:3      | 1675 ||| FLEEEEING.
  1676 | D:3      | 1676 ||| FLEEEEING.
  1677 | D:3      | 1677 ||| FLEEEEING.
  1678 | D:3      | 1678 ||| FLEEEEING.
  1679 | D:3      | 1679 ||| FLEEEEING.
  1680 | D:3      | 1680 ||| FLEEEEING.
  1681 | D:3      | 1681 ||| FLEEEEING.
  1801 | D:3      | Killed from afar by an orc priest

Levels and vault maps discovered:
D:1:      minmay_arrival_shattered_statue, layout_loops_corners,
          hangedman_feature_mirror
D:2:      layout_loops_ring, st_stairs_5
D:3:      layout_basic, mainiacjoe_overflow_catwalk,
          mainiacjoe_overflow_divided_tiny, mainiacjoe_overflow_tiny_flanked,
          serial_glass, glass_columns_b, glass_columns_a, glass_columns_b,
          glass_columns_b, basic_ecumenical_altar, nicolae_figureground_sparkle,
          uniq_jessica

Skill      XL: |  1  2  3 |
---------------+----------+-----
Ranged Weapons | 3 4 |  4.5
Fighting       | 2 |  2.0
Armour         | 1 |  1.7
Dodging        | |  2.1
Spellcasting   | |  1.0
Hexes          | |  2.0

Action                     |  1- 3 |  4- 6 || total
---------------------------+-------+-------++-------
   Fire: Sling             |   114 |    23 ||   137
    Use: Scroll            |     4 |       ||     4
         Potion            |     1 |       ||     1
 Armour: Robe              |     9 |       ||     9
         Ring mail         |    10 |       ||    10
  Dodge: Dodged            |    25 |     8 ||    33

Table legend:
 A = Non-vault XP
 B = Vault XP
 C = Vault XP percentage of total XP
 D = Non-vault monster count
 E = Vault monster count
 F = Vault count percentage of total count
                 A         B        C        D         E       F
            +---------+---------+-------+---------+---------+-------
      Total |      96 |      41 |  29.9 |      38 |       3 |   7.3
            +---------+---------+-------+---------+---------+-------
        D:1 |      31 |       0 |   0.0 |      22 |       0 |   0.0
        D:2 |       9 |       4 |  30.8 |       6 |       2 |  25.0
        D:3 |      56 |      37 |  39.8 |      10 |       1 |   9.1
            +---------+---------+-------+---------+---------+-------
